 Dungeon Crawl Stone Soup version 0.24.0-13-gcf9b319 (webtiles) character file.

Game seed: 1399834817905359164, levelgen mode: deterministic

555 Bronimir the Digger (level 7, 0/57 HPs)
             Began as a Deep Dwarf Earth Elementalist on Mar 16, 2020.
             Was a Follower of Elyvilon.
             Slain by a hippogriff (6 damage)
             ... on level 5 of the Dungeon.
             The game lasted 00:13:57 (3497 turns).

Bronimir the Digger (Deep Dwarf Earth Elementalist) Turns: 3497, Time: 00:13:58

Health: 0/57       AC:  4    Str: 12    XL:     7   Next: 8%
Magic:  12/12      EV: 12    Int: 17    God:    Elyvilon [*.....]
Gold:   196        SH:  0    Dex: 13    Spells: 3/13 levels left

rFire    . . .     SeeInvis .   a - +2 morningstar
rCold    . . .     Gourm    .   (no shield)
rNeg     . . .     Faith    .   t - +0 leather armour
rPois    .         Spirit   .   (no helmet)
rElec    .         Reflect  .   m - +0 cloak
rCorr    .         Harm     .   (no gloves)
MR       ++...                  (no boots)
Stlth    ++........             (no amulet)
HPRegen  0.00/turn              i - ring of wizardry
MPRegen  0.13/turn              j - ring of protection from magic

@: non-regenerating
A: damage resistance, heal wounds, sense surroundings 1, no regeneration
a: Heal Wounds, Lesser Healing, Divine Protection, Renounce Religion


You were on level 5 of the Dungeon.
You worshipped Elyvilon.
Elyvilon was aware of your devotion.
You were not hungry.

You visited 1 branch of the dungeon, and saw 5 of its levels.

You collected 196 gold pieces.

Inventory:

Hand Weapons
 a - a +2 morningstar (weapon)
 b - a +0 hunting sling
 A - a +0 quarterstaff
Missiles
 e - 67 stones
 l - 47 arrows
 o - 50 bolts
 q - 20 poisoned darts (quivered)
 w - 19 sling bullets
Armour
 c - a +0 robe
 m - a +0 cloak (worn)
 t - a +0 leather armour (worn)
 v - a +0 ring mail
 y - a +0 cloak
Jewellery
 i - a ring of wizardry (left hand)
 j - a ring of protection from magic (right hand)
 n - an uncursed ring of protection from magic
 r - an uncursed ring of poison resistance {unknown}
Scrolls
 f - 9 scrolls of identify
 g - 3 scrolls of remove curse
 s - 5 scrolls of teleportation
Potions
 h - 2 potions of berserk rage
 k - 2 potions of heal wounds {unknown}
 p - 2 potions of invisibility {unknown}
Comestibles
 d - 7 rations


   Skills:
 * Level 1.5 Fighting
 + Level 0.7 Maces & Flails
 + Level 2.1 Slings
 * Level 0.7 Armour
 + Level 2.5 Dodging
 - Level 2.6 Stealth
 + Level 3.7 Spellcasting
 + Level 0.4 Conjurations
 + Level 0.8 Transmutations
 * Level 7.6 Earth Magic
 * Level 1.0 Invocations


You had 3 spell levels left.
You knew the following spells:

 Your Spells              Type           Power        Failure   Level  Hunger
a - Sandblast             Erth           ####..       1%          1    None
b - Passwall              Tmut/Erth      ###.....     2%          2    ##.....
c - Stone Arrow           Conj/Erth      ###...       4%          3    ###....
d - Petrify               Tmut/Erth      ###.....     14%         4    ####...

Your spell library contained the following spells:

 Spells                   Type           Power        Failure   Level  Hunger
 Lee's Rapid Deconstruct  Erth           ####......   11%         5    ######.


Dungeon Overview and Level Annotations

Branches:
Dungeon (5/15)
 Temple: D:4-7

Altars:
Elyvilon
Kikubaaqudgha
Yredelemnul
The Shining One


Innate Abilities, Weirdness & Mutations

You are resistant to damage.
You can heal yourself by infusing magical energy.
You passively map a small area around you.
You do not regenerate.


Message History

The blast of sand hits the water moccasin!
You kill the water moccasin!
Your Invocations skill increases to level 1!
You have reached level 7!
e - 67 stones You feel sick.
You feel sick.
You see here a water moccasin corpse.
The water moccasin corpse isn't edible.
There is a stone staircase leading down, spattered with blood here.
You start resting.
You are no longer poisoned.
You start resting.
Magic restored.
You climb downwards.
The hippogriff bites you!
* * * LOW HITPOINT WARNING * * *
The hippogriff closely misses you. x2; The orc hits you but does no damage.
There is a stone staircase leading up here.
The hippogriff bites you!
You die...

, , * ...# ,,#.
... # , ,
,..##..#### . . ,
, , ,
#..#.....##.##..
.?........#... ,
...oo)...... ,
,o......Ho.###.##
*
....#.).@.......
, ,
......†..####...
, .........# * ,
....#....# ,
..?,#....# ,, ,
.. #....# , *
###### * * ** * ,
,, , , * ,


You could see a hippogriff, an orc wizard and 2 orcs.

Vanquished Creatures
  A water moccasin (D:4)
  A scorpion (D:4)
  A howler monkey (D:3)
  A crimson imp (D:4)
  A hound (D:4)
  An orc priest (D:3)
  3 worker ants
  A hound skeleton (D:4)
  4 gnolls
  7 adders
  2 oozes
  A worm (D:2)
  A dart slug (D:2)
  A leopard gecko (D:2)
  9 orcs
  3 bats
  2 giant cockroaches
  7 goblins
  5 hobgoblins
  2 jackals (D:3)
  2 quokkas
  2 ball pythons
  A ball python skeleton (D:5)
  8 frilled lizards
  7 kobolds
  2 quokka skeletons
  8 rats
84 creatures vanquished.

Vanquished Creatures (others)
  A human (D:2)
1 creature vanquished.

Grand Total: 85 creatures vanquished

Notes
Turn   | Place    | Note
-------+----------+-------------------------------------------
     0 | D:1      | Bronimir the Deep Dwarf Earth Elementalist began the quest
                  | for the Orb.
     0 | D:1      | Reached XP level 1. HP: 15/15 MP: 3/3
   190 | D:1      | Reached XP level 2. HP: 20/22 MP: 3/5
   353 | D:1      | Learned a level 2 spell: Passwall
   616 | D:2      | Reached XP level 3. HP: 26/28 MP: 2/6
   662 | D:1      | Reached skill level 5 in Earth Magic
   726 | D:2      | Reached XP level 4. HP: 36/36 MP: 2/7
   936 | D:2      | Learned a level 3 spell: Stone Arrow
  1052 | D:2      | Found a white marble altar of Elyvilon.
  1235 | D:2      | Found a glowing golden altar of the Shining One.
  1278 | D:2      | Reached skill level 6 in Earth Magic
  1403 | D:2      | Found a basalt altar of Yredelemnul.
  1546 | D:2      | Found an ancient bone altar of Kikubaaqudgha.
  1547 | D:2      | Noticed a human
  1549 | D:2      | Killed a human
  1943 | D:2      | Became a worshipper of Elyvilon the Healer
  2054 | D:3      | Reached XP level 5. HP: 24/42 MP: 0/9
  2659 | D:4      | Reached XP level 6. HP: 17/50 MP: 8/11
  2705 | D:4      | Reached skill level 1 in Slings
  2771 | D:4      | Reached skill level 7 in Earth Magic
  2910 | D:4      | Reached * piety under Elyvilon
  3054 | D:4      | Learned a level 4 spell: Petrify
  3424 | D:5      | Entered Level 5 of the Dungeon
  3426 | D:5      | Noticed a water moccasin
  3429 | D:5      | Reached skill level 1 in Fighting
  3431 | D:5      | Noticed a hippogriff
  3436 | D:4      | Killed a water moccasin
  3436 | D:4      | Reached skill level 1 in Invocations
  3436 | D:4      | Reached XP level 7. HP: 17/57 MP: 4/12
  3497 | D:5      | Slain by a hippogriff

Levels and vault maps discovered:
D:1:      dpeg_arrival_stonehenge_12_columns, layout_basic
D:2:      minmay_diamond_boxcup, layout_loops_ring, kennysheep_ying_yang,
          nicolae_tso_swordbearing_angel, tgw_kikubaaqudgha
D:3:      layout_rooms, first_ration
D:4:      layout_loops_ring
D:5:      layout_rooms, lemuel_crystal_altar

Skill      XL: |  1  2  3  4  5  6 |
---------------+-------------------+-----
Spellcasting   | 2 3 |  3.7
Earth Magic    | 5 6 7 |  7.6
Slings         | 2 |  2.1
Fighting       | 1 |  1.5
Invocations    | 1 |  1.0
Maces & Flails | |  0.7
Armour         | |  0.7
Dodging        | |  2.5
Stealth        | |  2.6
Conjurations   | |  0.4
Transmutations | |  0.8

Action                   |  1- 3 |  4- 6 |  7- 9 || total
-------------------------+-------+-------+-------++-------
Melee: Club              |     6 |       |       ||     6
       Unarmed           |     1 |       |       ||     1
       Mace              |    24 |    26 |       ||    50
 Fire: Hunting sling     |     2 |    22 |       ||    24
Throw: Stone             |     1 |       |       ||     1
       Dart              |       |     1 |       ||     1
 Cast: Sandblast         |    27 |    59 |     1 ||    87
       Stone Arrow       |       |    16 |       ||    16
Invok: Lesser Healing    |       |     4 |       ||     4
 Abil: Heal Wounds       |     2 |       |       ||     2
  Use: Scroll            |       |     7 |       ||     7
 Stab: Sleeping          |     3 |       |       ||     3
  Eat: Chunk             |       |    11 |       ||    11
Armor: Robe              |     6 |     2 |       ||     8
       Leather armour    |       |     4 |     1 ||     5
Dodge: Dodged            |    38 |    23 |     2 ||    63
